[Event "November 21 Early 2023"]
[Site "https://www.chess.com"]
[Date "2023.11.21"]
[Round "2"]
[White "Bilan, Danila"]
[Black "luckyswitchback"]
[Result "0-1"]
[Board "71"]
[TimeControl "180+1"]
[WhiteFideId "24161918"]
[WhiteElo "2146"]
[BlackElo "2807"]
[WhiteTeam "RUS"]
[WhiteClock "0:00:02"]
[BlackClock "0:00:13"]

1. d4 Nf6 2. Nf3 e6 3. g3 b5 4. Bg2 Bb7 5. O-O c5 6. c3 Na6 7. a4 b4 8. Bf4 Be7 9. Nbd2 bxc3 10. bxc3 Nd5 11. Qc2 Nxf4 12. gxf4 Qc7 13. e3 cxd4 14. Nxd4 Bxg2 15. Kxg2 O-O 16. Rab1 Nc5 17. Rfc1 Rab8 18. Ne4 d5 19. Nxc5 Bxc5 20. Nb5 Qc6 21. Nd4 Qd7 22. Rxb8 Rxb8 23. Rb1 Rc8 24. Qb3 g6 25. Qb7 Rc7 26. Qa8+ Kg7 27. Rb8 e5 28. Rg8+ Kh6 29. fxe5 Qg4+ 30. Kf1 Bxd4 31. Qf8+ Kh5 32. Rh8 Qd1+ 33. Kg2 Bxe3 34. Rxh7+ Kg4 35. h3+ Kf5 36. Rxf7+ Rxf7 37. Qxf7+ Ke4 38. fxe3 Qd2+ 39. Qf2 Qxc3 40. e6 Qc6 41. Qf3+ Ke5 42. e7 Ke6 43. Qf8 d4+ 44. Kg1 Qc1+ 45. Kh2 Qd2+ 46. Kh1 Qe1+ 47. Kg2 Qe2+ 48. Kg3 Qxe3+ 49. Kg2 Qe2+ 50. Kg3 Qd3+ 51. Kh4 Qe4+ 52. Kg5 Qe3+ 53. Kxg6 Qg3+ 54. Kh7 Qh4+ 55. Kg6 Qxe7 56. Qxe7+ Kxe7 57. h4 d3 58. h5 d2 59. h6 d1=Q 60. h7 Qg4+ 0-1

[Event "November 21 Early 2023"]
[Site "https://www.chess.com"]
[Date "2023.11.21"]
[Round "2"]
[White "Molina, Roberto Junio Brito"]
[Black "Baches Garcia, Guillermo"]
[Result "1-0"]
[Board "72"]
[TimeControl "180+1"]
[WhiteFideId "2109450"]
[BlackFideId "2209764"]
[WhiteElo "2389"]
[BlackElo "2535"]
[WhiteTeam "BRA"]
[BlackTeam "ESP"]
[WhiteClock "0:01:16"]
[BlackClock "0:00:00"]

1. d4 d5 2. e3 e6 3. Nf3 c5 4. c3 Nf6 5. Nbd2 Nbd7 6. Bd3 Bd6 7. O-O b6 8. b3 Bb7 9. Bb2 Qc7 10. Qe2 Ne4 11. c4 Nxd2 12. Qxd2 cxd4 13. exd4 dxc4 14. Bxc4 Bxf3 15. gxf3 Bxh2+ 16. Kg2 Bf4 17. Qe2 O-O 18. Rh1 Rae8 19. Rae1 e5 20. Qe4 Nf6 21. Qf5 Qd7 22. Qxd7 Nxd7 23. Ba3 exd4 24. Bxf8 Rxe1 25. Rxe1 Kxf8 26. Re4 g5 27. Rxd4 Ne5 28. Rd8+ Ke7 29. Ra8 a5 30. Rb8 Nxc4 31. Rb7+ Kd6 32. bxc4 Kc5 33. Rxf7 h5 34. Rf6 a4 35. Kf1 h4 36. Ke2 h3 37. Kd3 h2 38. Rh6 b5 39. cxb5 Kxb5 40. a3 Kc5 41. Ke2 Kb5 42. Kd3 Kc5 43. Rh8 Kb5 44. Kd4 Ka5 45. Kc4 Be5 46. Rh6 Bf4 47. Rh7 Bc7 48. Kc5 Ka6 49. Kb4 Bd6+ 50. Kxa4 Be5 51. Kb3 Bf4 52. a4 Be5 53. Kc4 Bf4 54. Kb4 Be5 55. Rh6+ Ka7 56. Kb5 Bf4 57. Rh7+ Ka8 58. a5 Kb8 59. Kb6 1-0

[Event "November 21 Early 2023"]
[Site "https://www.chess.com"]
[Date "2023.11.21"]
[Round "2"]
[White "Zomorrodian, Eilia"]
[Black "Pendos666"]
[Result "0-1"]
[Board "73"]
[TimeControl "180+1"]
[WhiteFideId "12551805"]
[WhiteElo "2109"]
[BlackElo "2805"]
[WhiteTeam "CAN"]
[WhiteClock "0:00:04"]
[BlackClock "0:00:19"]

1. e4 c5 2. Nf3 g6 3. c3 d5 4. exd5 Qxd5 5. d4 Bg7 6. Be3 cxd4 7. cxd4 Nf6 8. Nc3 Qd8 9. Bc4 O-O 10. O-O Bg4 11. h3 Bxf3 12. Qxf3 Nc6 13. Rfd1 Rc8 14. Bf1 Ne8 15. d5 Ne5 16. Qf4 a6 17. Ne4 Nd6 18. Nc5 Nd7 19. Nd3 Nf5 20. Rac1 Bh6 21. Qf3 Nxe3 22. fxe3 Qb6 23. Nf4 Rxc1 24. Rxc1 Qxb2 25. Rc7 Rd8 26. d6 e6 27. Rxb7 Qd2 28. Bxa6 Qxd6 29. Bf1 Ne5 30. Qe4 Qc5 31. a4 Rd1 32. Rb8+ Bf8 33. Rb5 Qc1 34. Qxe5 Rxf1+ 35. Kh2 Qe1 36. g4 Rg1 37. Ng2 Rh1# 0-1

[Event "November 21 Early 2023"]
[Site "https://www.chess.com"]
[Date "2023.11.21"]
[Round "2"]
[White "Raja Rithvik R"]
[Black "Do Nascimento,Christian Almeida"]
[Result "1-0"]
[Board "74"]
[TimeControl "180+1"]
[WhiteFideId "35007394"]
[BlackFideId "2143801"]
[WhiteElo "2395"]
[BlackElo "2118"]
[WhiteTeam "IND"]
[BlackTeam "BRA"]
[WhiteClock "0:01:28"]
[BlackClock "0:00:21"]

1. Nf3 d5 2. c4 Nf6 3. cxd5 Nxd5 4. e4 Nb6 5. d4 g6 6. Be2 Bg7 7. O-O O-O 8. h3 Nc6 9. Be3 a5 10. Nc3 a4 11. d5 Ne5 12. Nxe5 Bxe5 13. Bd4 Bxd4 14. Qxd4 a3 15. b3 e6 16. Rfd1 exd5 17. exd5 Re8 18. Ne4 Rxe4 19. Qxe4 Bf5 20. Qb4 Qf6 21. d6 Bc2 22. Rdc1 Re8 23. Qd2 Bf5 24. dxc7 Nc8 25. Bg4 Qb2 26. Rd1 Bc2 27. Re1 Be4 28. Qd8 1-0

[Event "November 21 Early 2023"]
[Site "https://www.chess.com"]
[Date "2023.11.21"]
[Round "2"]
[White "Pinheiro, Iung Alicio de O."]
[Black "Weetik, Vjacheslav"]
[Result "1/2-1/2"]
[Board "75"]
[TimeControl "180+1"]
[WhiteFideId "2104350"]
[BlackFideId "4153472"]
[WhiteElo "2283"]
[BlackElo "2469"]
[WhiteTeam "BRA"]
[BlackTeam "RUS"]
[WhiteClock "0:00:16"]
[BlackClock "0:00:08"]

1. d4 Nf6 2. Nf3 g6 3. Bg5 Bg7 4. Nbd2 d5 5. e3 O-O 6. Be2 Nbd7 7. h3 c5 8. c3 Re8 9. Bf4 b6 10. Bh2 Bb7 11. O-O Ne4 12. Nxe4 dxe4 13. Nd2 cxd4 14. cxd4 e5 15. Nc4 Ba6 16. Nxe5 Bxe2 17. Qxe2 Nxe5 18. dxe5 Bxe5 19. Bxe5 Rxe5 20. Rfd1 Qh4 21. Qg4 Qf6 22. Rd4 Rae8 23. Rad1 h5 24. Qe2 Qh4 25. Rd7 a5 26. Qc4 Rf5 27. R1d2 Qf6 28. R7d6 Re6 29. Rxe6 Qxe6 30. Qxe6 fxe6 31. Rd4 Rb5 32. b3 Rb4 33. Rd7 Kf8 34. Rb7 b5 35. h4 a4 36. bxa4 Rxa4 37. Rxb5 Rxa2 38. Re5 Kf7 39. Rxe4 Kf6 40. Rf4+ Ke7 41. Kh2 Rb2 42. Kg3 Rb5 43. Ra4 Kf6 44. f4 Rb3 45. Kf3 Rc3 46. Rd4 Ra3 47. g3 Rb3 48. Ke4 Rb1 49. Rd3 Rg1 50. Kf3 Rf1+ 51. Ke2 Rg1 52. Kf2 Ra1 53. e4 Ra2+ 54. Kf3 Ra1 55. Rb3 Rc1 56. Rb7 Rc3+ 57. Kg2 Re3 58. Rb4 Ra3 59. Kh3 Re3 60. e5+ Kf7 61. Rb7+ Kf8 62. Rd7 Re2 63. Rc7 Ra2 64. Rc1 Kf7 65. Rg1 Ra3 66. Rg2 Rb3 67. Kh2 Rf3 68. Rc2 Ra3 69. Kg2 Rb3 70. Rc7+ Kf8 71. Kf2 Rb2+ 72. Kf3 Rb3+ 73. Kg2 Rb2+ 74. Kh3 Rb3 75. Rc2 Ra3 76. Kg2 Kf7 77. Kf2 Rb3 78. Re2 Ra3 79. Re3 Ra2+ 80. Kf3 Ra1 81. g4 Rf1+ 82. Ke4 hxg4 83. Rg3 Re1+ 84. Kd3 Rh1 85. Rxg4 Rh3+ 86. Ke4 Kg7 87. Kd4 Kf7 88. Kc5 Rd3 89. h5 gxh5 90. Rg5 h4 91. Rh5 h3 92. Kc4 Rf3 93. Kc5 Kg6 94. Rh4 Kf5 95. Kd6 Rxf4 96. Rxh3 Rd4+ 97. Ke7 Kxe5 98. Re3+ Kf5 99. Rxe6 Re4 100. Rxe4 Kxe4 1/2-1/2

[Event "November 21 Early 2023"]
[Site "https://www.chess.com"]
[Date "2023.11.21"]
[Round "2"]
[White "Llorente Zaro, Alfonso"]
[Black "Jimenez Almeida, Luis David"]
[Result "0-1"]
[Board "76"]
[TimeControl "180+1"]
[WhiteFideId "2254131"]
[BlackFideId "22242244"]
[WhiteElo "2485"]
[BlackElo "2216"]
[WhiteTeam "ESP"]
[BlackTeam "ESP"]
[WhiteClock "0:00:00"]
[BlackClock "0:00:07"]

1. e4 c5 2. Nf3 e6 3. d3 Nc6 4. g3 g6 5. Bg2 Bg7 6. O-O Nge7 7. Re1 d6 8. c3 O-O 9. d4 cxd4 10. cxd4 d5 11. e5 h6 12. Nc3 b6 13. b3 Ba6 14. Ba3 Qd7 15. Rc1 Rfc8 16. Qd2 Nf5 17. g4 Nfe7 18. h3 Kh7 19. Rc2 Rc7 20. Rec1 Rac8 21. Ne2 Nb8 22. Nf4 Rxc2 23. Rxc2 Rxc2 24. Qxc2 Qc6 25. Qd2 Qd7 26. h4 Nbc6 27. h5 g5 28. Nd3 Kg8 29. Bf1 Bf8 30. Bb2 Bb5 31. Nh2 a5 32. f4 gxf4 33. Qxf4 Nb4 34. Nxb4 axb4 35. Bh3 Qa7 36. g5 Qxa2 37. Bc1 Qxb3 38. Nf3 Qd1+ 39. Kh2 Qe2+ 40. Kg3 Qe4 41. Qxe4 dxe4 42. Nd2 Nf5+ 43. Kf4 hxg5+ 44. Kxe4 Bc6+ 45. Kd3 Ng3 46. Nc4 b5 47. Nd6 Nxh5 48. Bxg5 f6 49. Bxe6+ Kg7 50. Be3 fxe5 51. dxe5 Ng3 52. Bf4 Nh5 53. Be3 Nf6 54. Nf5+ Kg6 55. Nh4+ Kh5 56. Nf5 Ne4 57. Bd4 Kg5 58. Ne3 Nc5+ 59. Kc2 Be4+ 60. Kb2 Nxe6 61. Bb6 Kf4 62. Nc2 Bc5 63. Bxc5 Nxc5 64. Nxb4 Kxe5 65. Kc3 Bd5 66. Kb2 Kd4 67. Ka3 Kc4 0-1

[Event "November 21 Early 2023"]
[Site "https://www.chess.com"]
[Date "2023.11.21"]
[Round "2"]
[White "Lobanov, Sergei"]
[Black "Redzisz, Michal"]
[Result "1-0"]
[Board "77"]
[TimeControl "180+1"]
[WhiteFideId "24183750"]
[BlackFideId "21816107"]
[WhiteElo "2483"]
[BlackElo "2068"]
[WhiteTeam "FID"]
[BlackTeam "POL"]
[WhiteClock "0:01:54"]
[BlackClock "0:01:41"]

1. d4 Nf6 2. c4 g6 3. Nc3 d5 4. cxd5 Nxd5 5. e4 Nxc3 6. bxc3 Bg7 7. Bc4 c5 8. Ne2 Nc6 9. Be3 O-O 10. O-O b6 11. h4 e6 12. h5 Qh4 13. f3 Qxh5 14. Qe1 Rd8 15. Nf4 Qg5 16. Nxe6 Qxe3+ 17. Qxe3 cxd4 18. Nxd8 1-0

[Event "November 21 Early 2023"]
[Site "https://www.chess.com"]
[Date "2023.11.21"]
[Round "2"]
[White "Ynojosa Aponte, Felix Jose"]
[Black "Rychkov, Oleg"]
[Result "0-1"]
[Board "78"]
[TimeControl "180+1"]
[WhiteFideId "3900258"]
[BlackFideId "4122852"]
[WhiteElo "2433"]
[BlackElo "2398"]
[WhiteTeam "VEN"]
[BlackTeam "RUS"]
[WhiteClock "0:00:05"]
[BlackClock "0:00:16"]

1. e4 e5 2. Nf3 Nc6 3. Bc4 Nf6 4. d3 h6 5. Nc3 d6 6. Nd5 Na5 7. h3 Nxc4 8. Nxf6+ Qxf6 9. dxc4 Qg6 10. O-O Bxh3 11. Ne1 Be6 12. Qd3 Be7 13. b3 f5 14. exf5 Bxf5 15. Qd1 c6 16. Be3 O-O 17. f3 Rf7 18. Rf2 Bh4 19. Rd2 Bxe1 20. Qxe1 Bxc2 21. Rc1 Bf5 22. Rcd1 Rf6 23. Bf2 b6 24. b4 Raf8 25. c5 bxc5 26. bxc5 d5 27. Qxe5 Qf7 28. Re1 Re6 29. Qd4 Rg6 30. Bh4 Bh3 31. Qd3 Bf5 32. Qd4 Qb7 33. Re7 Qb1+ 34. Kh2 Qf1 35. Rf2 Qa6 36. Rfe2 Be4 37. Rf2 Bf5 38. Rfe2 Qa3 39. Rc7 Qd3 40. Qxd3 Bxd3 41. Ree7 a6 42. Bf2 Rf5 43. Bg3 Rfg5 44. Bd6 Rxg2+ 45. Kh1 Rg1+ 46. Kh2 R6g2+ 47. Kh3 Bf5+ 48. Kh4 Rh1+ 49. Bh2 Rhxh2# 0-1

[Event "November 21 Early 2023"]
[Site "https://www.chess.com"]
[Date "2023.11.21"]
[Round "2"]
[White "Suyarov, Mukhammadzokhid"]
[Black "Fiedorek, Michal"]
[Result "1/2-1/2"]
[Board "79"]
[TimeControl "180+1"]
[WhiteFideId "14210495"]
[BlackFideId "1199528"]
[WhiteElo "2449"]
[BlackElo "2135"]
[WhiteTeam "UZB"]
[BlackTeam "POL"]
[WhiteClock "0:00:13"]
[BlackClock "0:00:04"]

1. e4 c5 2. Nf3 d6 3. Bb5+ Nd7 4. O-O Nf6 5. d4 cxd4 6. Qxd4 a6 7. Bxd7+ Bxd7 8. Bg5 Rc8 9. c4 Qc7 10. b3 Qc5 11. Qd3 e6 12. Nc3 b5 13. cxb5 Qxc3 14. Qxc3 Rxc3 15. bxa6 Rc6 16. e5 dxe5 17. Nxe5 Rxa6 18. Rfd1 Nd5 19. Bh4 Be7 20. Bg3 f6 21. Nf3 Kf7 22. h4 Ba3 23. Rd2 Rha8 24. Rc2 Rc6 25. Re2 Rac8 26. Kh2 Rc2 27. Rae1 Rxe2 28. Rxe2 Rc1 29. Rd2 Bb4 30. Rd4 Ra1 31. a4 Rb1 32. Rd3 Bc3 33. a5 Rxb3 34. Bd6 Rb5 35. a6 Ra5 36. h5 Rxa6 37. Bc7 Rc6 38. Bb8 Rc8 39. Bd6 Ra8 40. Rd1 Ba4 41. Rb1 Bc6 42. Bg3 Ra1 43. Rb8 Ra8 44. Rb1 Rc8 45. Rb3 Ba5 46. Ra3 Bc7 47. Ra7 Kf8 48. Nd4 Bxg3+ 49. fxg3 e5 50. Ne6+ Kg8 51. Rxg7+ Kh8 52. Rf7 Ne3 53. g4 Nxg4+ 54. Kh3 Nf2+ 55. Kg3 Ne4+ 56. Kh4 Nd2 57. Rxf6 Bxg2 58. Ng5 Ne4 59. Nf7+ Kg7 60. Rf5 Rc4 61. h6+ Kg6 62. Nxe5+ Kxf5 63. Nxc4 Nf6 64. Ne3+ Kg6 65. Nxg2 Kxh6 66. Nf4 Kg7 67. Kg5 Ne4+ 68. Kf5 Nf6 69. Ke6 Ng4 70. Kf5 Ne3+ 71. Kg5 Nc4 72. Nh5+ Kf7 73. Kh6 Nd6 74. Kxh7 1/2-1/2

[Event "November 21 Early 2023"]
[Site "https://www.chess.com"]
[Date "2023.11.21"]
[Round "2"]
[White "Malyi, Viacheslav"]
[Black "Alexandre, Anne Shopie Elizabeth"]
[Result "0-1"]
[Board "80"]
[TimeControl "180+1"]
[WhiteFideId "14123983"]
[BlackFideId "11902418"]
[WhiteElo "2291"]
[BlackElo "2783"]
[WhiteTeam "UKR"]
[BlackTeam "HAI"]
[WhiteClock "0:02:41"]
[BlackClock "0:01:52"]

1. e4 c5 2. Nf3 Nc6 3. d4 cxd4 4. Nxd4 e6 5. Nc3 Qc7 6. Be2 Nf6 7. O-O Be7 8. Be3 O-O 9. f4 d6 10. Qe1 a6 11. Qg3 Nxd4 12. Bxd4 b5 13. a3 Bb7 14. Bd3 Nh5 15. Qg4 Nf6 16. Qg3 Rac8 17. Rae1 Nh5 18. Qg4 g6 19. Qg3 Nxg3 0-1

[Event "November 21 Early 2023"]
[Site "https://www.chess.com"]
[Date "2023.11.21"]
[Round "2"]
[White "Vignesh N R"]
[Black "vishwa_vijeta"]
[Result "1/2-1/2"]
[Board "81"]
[TimeControl "180+1"]
[WhiteFideId "25012215"]
[WhiteElo "2425"]
[BlackElo "2528"]
[WhiteTeam "IND"]
[WhiteClock "0:00:21"]
[BlackClock "0:00:17"]

1. d4 Nf6 2. c4 g6 3. g3 Bg7 4. Bg2 c6 5. Nf3 d5 6. O-O O-O 7. b3 dxc4 8. bxc4 c5 9. Bb2 Qb6 10. Qc1 cxd4 11. Nxd4 Bd7 12. Nd2 Nc6 13. c5 Qa6 14. Rb1 Nxd4 15. Bxd4 Bc6 16. Qc4 Bxg2 17. Qxa6 bxa6 18. Kxg2 Rfd8 19. Nf3 Rac8 20. Rb7 Rd7 21. Rfb1 Rxb7 22. Rxb7 Nd5 23. e3 Bxd4 24. exd4 Rc7 25. Rb8+ Kg7 26. Ne5 f6 27. Nc4 e5 28. dxe5 Rxc5 29. Rb7+ Rc7 30. Rxc7+ Nxc7 31. Kf3 fxe5 32. Ke4 Kf6 33. Nxe5 Nb5 34. Nd7+ Ke7 35. Nc5 Nc3+ 36. Ke5 Nxa2 37. Nxa6 Nc1 38. f4 Nd3+ 39. Ke4 Nb2 40. Kd5 Nd1 41. Ke4 Nb2 42. g4 Nc4 43. h4 Nd2+ 44. Ke3 Nf1+ 45. Kf2 Nd2 46. Ke2 Ne4 47. Ke3 Nf6 48. Kf3 Kd6 49. g5 Nd7 50. Kg4 Nc5 51. Nb4 a5 52. Nc2 a4 53. f5 Ke7 54. fxg6 hxg6 55. h5 Kf7 56. hxg6+ Kxg6 57. Kf4 Ne6+ 58. Ke5 Nxg5 59. Kd4 Nf7 60. Kc4 Kf6 61. Kb4 Ne5 62. Kxa4 1/2-1/2

[Event "November 21 Early 2023"]
[Site "https://www.chess.com"]
[Date "2023.11.21"]
[Round "2"]
[White "Shubenkova, Veronika"]
[Black "Fier, Alexandr"]
[Result "1-0"]
[Board "82"]
[TimeControl "180+1"]
[WhiteFideId "44124040"]
[BlackFideId "2107139"]
[WhiteElo "1967"]
[BlackElo "2578"]
[WhiteTeam "RUS"]
[BlackTeam "BRA"]
[WhiteClock "0:00:27"]
[BlackClock "0:01:27"]

1. e4 Nf6 2. e5 Nd5 3. c4 Nb6 4. d4 d6 5. exd6 cxd6 6. Nf3 g6 7. Nc3 Bg7 8. Be2 O-O 9. h3 Nc6 10. O-O Bf5 11. a3 d5 12. c5 Nc4 13. Bxc4 dxc4 14. d5 Na5 15. Bg5 Nb3 16. d6 f6 17. dxe7 Qxe7 18. Bf4 Rfd8 19. Bd6 Qf7 20. Nd4 Bd3 21. Nxb3 Bxf1 22. Nc1 Bd3 23. Nxd3 cxd3 24. Qxd3 f5 25. Re1 Re8 26. Rd1 Rad8 27. Qb5 a6 28. Qb4 Qe6 29. Nd5 Qe2 30. Qb3 Kh8 31. Nc7 Re4 32. Rb1 Bd4 33. Rf1 Be5 34. Ne6 Re8 35. Qxb7 Rxe6 36. Qc8+ Kg7 37. Qf8# 1-0

[Event "November 21 Early 2023"]
[Site "https://www.chess.com"]
[Date "2023.11.21"]
[Round "2"]
[White "Lund, Gunnar"]
[Black "Skvortsov, Andrei"]
[Result "0-1"]
[Board "83"]
[TimeControl "180+1"]
[WhiteFideId "1520814"]
[BlackFideId "24108600"]
[WhiteElo "2233"]
[BlackElo "2357"]
[WhiteTeam "NOR"]
[BlackTeam "MNE"]
[WhiteClock "0:00:00"]
[BlackClock "0:00:10"]

1. d4 g6 2. Nf3 Bg7 3. g3 d5 4. Bg2 e6 5. O-O Ne7 6. c4 O-O 7. Nc3 dxc4 8. e4 Nbc6 9. Be3 a6 10. a4 Na5 11. Qe2 Rb8 12. Rfd1 c6 13. h4 Nb3 14. Rab1 b5 15. h5 a5 16. axb5 cxb5 17. d5 exd5 18. Nxd5 Nxd5 19. Rxd5 Qe7 20. h6 Bh8 21. Bg5 Bf6 22. Bf4 Rb6 23. Rbd1 Re8 24. e5 Bh8 25. Bg5 Qf8 26. Rd8 Rbe6 27. Rxe8 Rxe8 28. Qe4 f6 29. Bf4 Be6 30. Qc6 g5 31. Bxg5 fxg5 32. Nxg5 Nc5 33. Nxe6 Nxe6 34. Bd5 Qf7 35. Qxb5 Bxe5 36. Re1 Bd4 37. Qxe8+ Qxe8 38. Rxe6 Kf8 39. Rxe8+ Kxe8 40. Bxc4 Bxb2 41. Bg8 a4 42. Bxh7 Bc1 43. f4 Kf7 44. Bb1 a3 45. Kg2 Bb2 46. Kh3 Kf6 47. Kg4 Bd4 48. Kh5 Be3 49. Ba2 Bc1 0-1

[Event "November 21 Early 2023"]
[Site "https://www.chess.com"]
[Date "2023.11.21"]
[Round "2"]
[White "Arifarsky"]
[Black "Osmak, Yuliia"]
[Result "1-0"]
[Board "84"]
[TimeControl "180+1"]
[BlackFideId "14101602"]
[WhiteElo "2775"]
[BlackElo "2303"]
[BlackTeam "UKR"]
[WhiteClock "0:00:08"]
[BlackClock "0:00:00"]

1. Nf3 d5 2. e3 Nf6 3. b4 e6 4. a3 Bd6 5. Bb2 O-O 6. c4 b6 7. Nc3 Bb7 8. Rc1 a5 9. b5 Qe7 10. a4 Nbd7 11. cxd5 exd5 12. Nd4 Be5 13. Nc6 Bxc6 14. bxc6 Nb8 15. d4 Bd6 16. Bb5 Na6 17. Bxa6 Rxa6 18. O-O Raa8 19. Qf3 Rad8 20. g3 Bb4 21. Nb5 Ne4 22. Rfd1 Nd2 23. Qf4 Nc4 24. Bc3 Bd6 25. Qf3 Qe6 26. Re1 Rfe8 27. Kg2 f5 28. Re2 g6 29. h4 Qe4 30. Rh1 Re7 31. Be1 Bb4 32. Bxb4 axb4 33. Qxe4 fxe4 34. Rb1 Rf8 35. Rxb4 Rf6 36. Nc3 Rd6 37. Nxd5 1-0

[Event "November 21 Early 2023"]
[Site "https://www.chess.com"]
[Date "2023.11.21"]
[Round "2"]
[White "Nikologorsky, Matfei"]
[Black "Samunenkov, Ihor"]
[Result "1-0"]
[Board "85"]
[TimeControl "180+1"]
[WhiteFideId "24102474"]
[BlackFideId "14187086"]
[WhiteElo "2153"]
[BlackElo "2473"]
[WhiteTeam "FID"]
[BlackTeam "UKR"]
[WhiteClock "0:00:08"]
[BlackClock "0:00:01"]

1. e4 c5 2. Nf3 Nc6 3. d4 cxd4 4. Nxd4 Nf6 5. Nc3 e5 6. Ndb5 d6 7. Bg5 a6 8. Bxf6 gxf6 9. Na3 b5 10. Nd5 f5 11. g3 fxe4 12. Bg2 Be6 13. Bxe4 Rc8 14. c3 Bg7 15. Nc2 O-O 16. Bg2 f5 17. a4 Kh8 18. axb5 axb5 19. O-O f4 20. Ra6 Nb8 21. Ra7 Rc5 22. Ncb4 Nd7 23. gxf4 exf4 24. Nxf4 Rxf4 25. Qxd6 Rg4 26. Qxe6 Rcg5 27. Rxd7 Rxg2+ 28. Kh1 Qf8 29. Rf7 Qa8 30. Qc6 Qb8 31. Qxg2 Rxg2 32. Kxg2 h6 33. Re1 Qa8+ 34. Rf3 Qb7 35. Re6 Kh7 36. Kg3 Qc7+ 37. Kg2 Qc4 38. Ree3 Qg4+ 39. Rg3 Qf5 40. Re7 h5 41. Rgxg7+ Kh8 42. Rh7+ Kg8 43. Reg7+ Kf8 44. Rf7+ 1-0

[Event "November 21 Early 2023"]
[Site "https://www.chess.com"]
[Date "2023.11.21"]
[Round "2"]
[White "Djordjevic, Vuk"]
[Black "Bychkov, Vladimir"]
[Result "1-0"]
[Board "86"]
[TimeControl "180+1"]
[WhiteFideId "902098"]
[BlackFideId "24151513"]
[WhiteElo "2425"]
[BlackElo "2224"]
[WhiteTeam "SRB"]
[BlackTeam "RUS"]
[WhiteClock "0:00:08"]
[BlackClock "0:00:00"]

1. d4 Nf6 2. Bg5 e6 3. e4 h6 4. Bxf6 Qxf6 5. c3 b6 6. Bd3 Ba6 7. e5 Qd8 8. Be4 c6 9. Ne2 d5 10. exd6 Bxd6 11. O-O Bb7 12. Nd2 Nd7 13. Ng3 Nf6 14. Bc2 Qc7 15. a4 h5 16. Re1 h4 17. Ngf1 h3 18. g3 c5 19. Ne4 Be7 20. dxc5 Bxc5 21. Nxf6+ gxf6 22. Be4 Rd8 23. Qf3 Bxe4 24. Rxe4 Be7 25. Re2 Qd7 26. Rd2 Qc7 27. Rxd8+ Bxd8 28. Rd1 Be7 29. Ne3 Qc8 30. Ng4 f5 31. Ne5 Bf6 32. Nc6 O-O 33. b4 a6 34. b5 axb5 35. axb5 Qc7 36. g4 f4 37. g5 Bg7 38. Qxh3 Ra8 39. g6 f5 40. Qd3 e5 41. Qxf5 Rf8 42. Qe6+ Kh8 43. Rd3 Bh6 44. Ne7 Kg7 45. Nf5+ Rxf5 46. Qxf5 Qc4 47. Rd7+ Kh8 48. Rd8+ Kg7 49. Rd7+ Kh8 50. Qf6+ Kg8 51. Rd8+ 1-0

[Event "November 21 Early 2023"]
[Site "https://www.chess.com"]
[Date "2023.11.21"]
[Round "2"]
[White "Mazurkiewicz, Michal"]
[Black "Parligras, Mircea-Emilian"]
[Result "0-1"]
[Board "87"]
[TimeControl "180+1"]
[WhiteFideId "1124943"]
[BlackFideId "1204297"]
[WhiteElo "2124"]
[BlackElo "2486"]
[WhiteTeam "POL"]
[BlackTeam "ROU"]
[WhiteClock "0:00:00"]
[BlackClock "0:00:06"]

1. e4 c5 2. Nf3 d6 3. g3 Nf6 4. d3 Nc6 5. Bg2 g6 6. O-O Bg7 7. Re1 O-O 8. e5 Ng4 9. exd6 Qxd6 10. Nc3 Nf6 11. Bf4 Qd7 12. Na4 b6 13. Ne5 Nxe5 14. Bxa8 Nc6 15. Nc3 Ba6 16. Bxc6 Qxc6 17. f3 e6 18. Qe2 Bb7 19. Be5 Rd8 20. a4 a6 21. Kg2 b5 22. axb5 axb5 23. Ne4 Nxe4 24. Bxg7 Ng5 25. Bf6 Nxf3 26. Bxd8 Nxe1+ 27. Kf2 Nxc2 28. Rg1 Nd4 29. Qe3 Nf5 30. Qg5 Qf3+ 31. Ke1 Nd4 32. Qd2 Qd5 33. Rf1 Qxd8 34. Qf4 Qe7 35. Qb8+ Kg7 36. Qe5+ f6 37. Qb8 e5 38. Kd2 b4 39. Ra1 Nc6 0-1

[Event "November 21 Early 2023"]
[Site "https://www.chess.com"]
[Date "2023.11.21"]
[Round "2"]
[White "Sokolovsky, Yahli"]
[Black "Kovalevsky, Stanislav"]
[Result "1-0"]
[Board "88"]
[TimeControl "180+1"]
[WhiteFideId "2820242"]
[BlackFideId "13508598"]
[WhiteElo "2389"]
[BlackElo "2092"]
[WhiteTeam "ISR"]
[BlackTeam "FID"]
[WhiteClock "0:00:12"]
[BlackClock "0:00:01"]

1. b3 d5 2. Bb2 Nf6 3. e3 c5 4. Nf3 Nc6 5. d4 a6 6. Nbd2 Bg4 7. Be2 e6 8. O-O Be7 9. Ne5 Bxe2 10. Qxe2 Nxe5 11. dxe5 Nd7 12. c4 O-O 13. Rad1 f6 14. cxd5 exd5 15. Nf3 Nb6 16. a4 Rc8 17. Qd2 d4 18. exd4 c4 19. d5 fxe5 20. a5 c3 21. Bxc3 Nxd5 22. Bxe5 Nf6 23. Nd4 Ng4 24. Bg3 Bf6 25. Qe2 Re8 26. Qxg4 Qxa5 27. Nf5 Kh8 28. Nd6 Rcd8 29. Nf7+ Kg8 30. Nxd8 Rxd8 31. Qc4+ Kh8 32. Bc7 1-0

[Event "November 21 Early 2023"]
[Site "https://www.chess.com"]
[Date "2023.11.21"]
[Round "2"]
[White "Korchmar, Vasiliy"]
[Black "Weisz, Bryan"]
[Result "1-0"]
[Board "89"]
[TimeControl "180+1"]
[WhiteFideId "24131750"]
[BlackFideId "30934133"]
[WhiteElo "2372"]
[BlackElo "2435"]
[WhiteTeam "RUS"]
[BlackTeam "USA"]
[WhiteClock "0:02:18"]
[BlackClock "0:01:53"]

1. e4 c5 2. d4 cxd4 3. Qxd4 Nc6 4. Qd3 d5 5. exd5 Nb4 6. Qb5+ Bd7 7. Qxb4 Nf6 8. Nc3 Rc8 9. Nf3 e5 10. d6 Bc6 11. Nxe5 Bxd6 12. Nxc6 Bxb4 13. Nxd8 Rxc3 14. bxc3 Bxc3+ 15. Bd2 Bxa1 16. Nxb7 Ne4 17. Bd3 O-O 18. Bxe4 Re8 19. Nd6 Re6 20. O-O Rxd6 21. Rxa1 Rxd2 22. Bd3 1-0

[Event "November 21 Early 2023"]
[Site "https://www.chess.com"]
[Date "2023.11.21"]
[Round "2"]
[White "Xie, Bryan"]
[Black "Ilkhomi, Jaloliddin"]
[Result "0-1"]
[Board "90"]
[TimeControl "180+1"]
[WhiteFideId "30941296"]
[BlackFideId "14700948"]
[WhiteElo "2033"]
[BlackElo "2054"]
[WhiteTeam "USA"]
[BlackTeam "TJK"]
[WhiteClock "0:00:00"]
[BlackClock "0:00:12"]

1. e4 e6 2. d4 d5 3. e5 c5 4. c3 Qb6 5. Nf3 Bd7 6. Be2 Bb5 7. O-O Bxe2 8. Qxe2 cxd4 9. cxd4 Nc6 10. Rd1 Nge7 11. Nc3 Nf5 12. Qd3 Be7 13. Nxd5 Qd8 14. Nxe7 Nfxe7 15. Bg5 h6 16. Bh4 Qd7 17. Rac1 Rc8 18. Qa3 O-O 19. Bxe7 Qxe7 20. Qb3 Rfd8 21. a3 Rd5 22. Qc4 Rcd8 23. b4 a6 24. h3 Qd7 25. a4 Nxd4 26. Nxd4 Rxd4 27. Rxd4 Qxd4 28. Qc7 Rd7 29. Qb8+ Kh7 30. b5 Qxa4 31. b6 Qf4 32. Qc8 Rd2 33. Rf1 Qe4 34. Qc7 Kg6 35. h4 h5 36. g3 a5 37. Ra1 a4 38. Qc3 Rc2 39. Qa3 Qd4 40. Rf1 Rb2 41. Qe7 Qxe5 42. Qxb7 a3 43. Qa7 a2 44. b7 Qb5 45. Qa3 Qxb7 46. Qd3+ f5 47. Qd6 Kf6 48. Qf8+ Qf7 49. Qd8+ Kg6 50. Qg5+ Kh7 51. Kg2 Rb1 0-1

[Event "November 21 Early 2023"]
[Site "https://www.chess.com"]
[Date "2023.11.21"]
[Round "2"]
[White "Miszler, Levente"]
[Black "Tatarinov, Dmitry"]
[Result "0-1"]
[Board "91"]
[TimeControl "180+1"]
[WhiteFideId "763276"]
[BlackFideId "24160067"]
[WhiteElo "2186"]
[BlackElo "2344"]
[WhiteTeam "HUN"]
[BlackTeam "RUS"]
[WhiteClock "0:00:44"]
[BlackClock "0:01:38"]

1. Nf3 d5 2. c4 d4 3. e3 c5 4. exd4 cxd4 5. b4 e6 6. a3 a5 7. b5 Bc5 8. a4 Ne7 9. Ba3 Nd7 10. d3 O-O 11. g3 b6 12. Bg2 Bb7 13. O-O e5 14. Bxc5 bxc5 15. Re1 f6 16. Nbd2 Nb6 17. Nb3 Qc7 18. Qd2 Kh8 19. Nxa5 Bxf3 20. Bxf3 Ra7 21. Ra2 f5 22. Rea1 e4 23. dxe4 f4 24. g4 Ng6 25. Nb3 Nxc4 26. Qe2 Nce5 27. a5 Nh4 28. b6 Nhxf3+ 29. Kf1 Qd7 30. bxa7 Qxg4 31. Qa6 d3 32. Qxd3 Nxd3 33. Ke2 c4 34. a6 Nd4+ 35. Kd2 Nxb3+ 36. Kc3 Nxa1 0-1